 Dungeon Crawl Stone Soup version 0.22-a0-21-g9421e3f (webtiles) character file.

6537 robertstho the Geomancer (level 11, -6/85 HPs)
             Began as a Gargoyle Earth Elementalist on Jan 2, 2018.
             Was a Follower of Vehumet.
             Mangled by a wyvern (10 damage)
             ... on level 10 of the Dungeon.
             The game lasted 00:54:44 (10625 turns).

robertstho the Geomancer (GrEE)                    Turns: 10625, Time: 00:54:45

Health: -6/85      AC: 15    Str: 17    XL:     11   Next: 1%
Magic:  4/34       EV: 12    Int: 19    God:    Vehumet [*.....]
Gold:   486        SH:  0    Dex: 10    Spells: 5/30 levels left

rFire    + + .     SeeInvis +   G - +5 halberd of Defiance {vamp, *Rage rC+ rN+++ SInv}
rCold    + . .     Gourm    .   (shield currently unavailable)
rNeg     + + +     Faith    .   p - +2 leather armour {rF+}
rPois    ∞         Spirit   .   u - +0 helmet
rElec    +         Reflect  .   (no cloak)
rCorr    .         Harm     .   (no gloves)
MR       .....     Rnd*Rage +   h - +0 pair of boots
Stlth    ..........             g - amulet of magic regeneration
HPRegen  0.24/turn              m - ring of protection from fire
MPRegen  0.49/turn              C - ring of magical power

@: berserking, very quick
A: negative energy resistance 1, electricity resistance, unbreathing,
petrification resistance, rot immunity, AC +8
a: Renounce Religion


You were on level 10 of the Dungeon.
You worshipped Vehumet.
Vehumet was aware of your devotion.
You were not hungry.

You visited 2 branches of the dungeon, and saw 11 of its levels.

You collected 486 gold pieces.

Inventory:

Hand Weapons
 j - a +1 club
 n - a +0 short sword
 x - a +0 morningstar
 G - the +5 halberd of Defiance (weapon) {vamp, *Rage rC+ rN+++ SInv}
   (You found it on level 9 of the Dungeon)

   It inflicts no extra harm, but heals its wielder when it wounds a living foe.
   It protects you from cold.
   It renders you almost immune to negative energy.
   It lets you see invisible.
   It may make you go berserk in combat.
 H - a +5 battleaxe of freezing
Missiles
 a - 22 sling bullets
 i - 7 javelins
 l - 116 bolts
 y - 134 stones (quivered)
 K - 9 poisoned needles
Armour
 c - a +0 robe
 h - a +0 pair of boots (worn)
 p - a +2 leather armour of fire resistance (worn)
 u - a +0 helmet (worn)
Jewellery
 g - an amulet of magic regeneration (around neck)
 m - a ring of protection from fire (left hand)
 q - an uncursed ring of flight
 C - a ring of magical power (right hand)
 I - an uncursed amulet of regeneration {unknown}
 J - an uncursed ring of protection from fire
Wands
 w - a wand of polymorph (12)
 B - a wand of digging (15)
 E - a wand of scattershot (3)
Scrolls
 f - 2 scrolls of amnesia {unknown}
 s - 2 scrolls of enchant armour {unknown}
 v - a scroll of random uselessness {unknown}
 z - 2 scrolls of remove curse
 F - a scroll of fear {unknown}
Potions
 r - 2 potions of curing
 t - 2 potions of heal wounds
 A - a potion of berserk rage {unknown}
Books
 b - a book of Power

   Spells                             Type                      Level
   a - Iskenderun's Battlesphere      Conjuration/Charms           5
   b - Venom Bolt                     Conjuration/Poison           5
   c - Bolt of Magma                  Conjuration/Fire/Earth       5
   d - Iron Shot                      Conjuration/Earth            6
   e - Orb of Destruction             Conjuration                  7
   f - Spellforged Servitor           Conjuration/Summoning        7
 e - a book of Geomancy

   Spells                             Type                      Level
   a - Sandblast                      Earth                        1
   b - Passwall                       Transmutation/Earth          2
   c - Stone Arrow                    Conjuration/Earth            3
   d - Petrify                        Transmutation/Earth          4
   e - Lee's Rapid Deconstruction     Earth                        5
 o - a book of Flames

   Spells                             Type                      Level
   a - Flame Tongue                   Conjuration/Fire             1
   b - Throw Flame                    Conjuration/Fire             2
   c - Conjure Flame                  Conjuration/Fire             3
   d - Inner Flame                    Hexes/Fire                   3
   e - Sticky Flame                   Conjuration/Fire             4
   f - Fireball                       Conjuration/Fire             5
 D - a book of Necromancy

   Spells                             Type                      Level
   a - Pain                           Necromancy                   1
   b - Animate Skeleton               Necromancy                   1
   c - Vampiric Draining              Necromancy                   3
   d - Regeneration                   Charms/Necromancy            3
   e - Animate Dead                   Necromancy                   4
   f - Borgnjor's Vile Clutch         Necromancy/Earth             5
Comestibles
 d - 5 rations
 k - 4 chunks of flesh


   Skills:
 + Level 2.0 Fighting
 + Level 2.3 Short Blades
 + Level 0.2 Maces & Flails
 + Level 1.0 Polearms
 + Level 2.4 Armour
 + Level 3.2 Dodging
 - Level 2.1 Stealth
 + Level 0.2 Unarmed Combat
 * Level 10.3 Spellcasting
 * Level 4.1 Conjurations
 + Level 1.2 Transmutations
 + Level 3.5 Fire Magic
 + Level 10.9 Earth Magic
 + Level 0.5 Poison Magic


You had 5 spell levels left.
You knew the following spells:

 Your Spells              Type           Power        Failure   Level  Hunger
a - Sandblast             Erth           ######       1%          1    None
b - Passwall              Tmut/Erth      ####......   1%          2    None
c - Stone Arrow           Conj/Erth      #####.       1%          3    None
d - Petrify               Tmut/Erth      ####....     7%          4    ##.....
e - Flame Tongue          Conj/Fire      ###..        1%          1    None
f - Throw Flame           Conj/Fire      ###...       2%          2    None
g - Conjure Flame         Conj/Fire      ###.....     5%          3    None
h - Lee's Rapid Deconstr  Erth           ######....   2%          5    #####..
i - Regeneration          Chrm/Necr      #.........   26%         3    None
j - Sting                 Conj/Pois      ###.         3%          1    None


Dungeon Overview and Level Annotations

Branches:
Dungeon (10/15)            Temple (1/1) D:7
   Lair: D:8-11         Orc: D:9-12

Altars:
Ashenzari
Cheibriados
Dithmenos
Elyvilon
Gozag
Hepliaklqana
Okawaru
Qazlal
Sif Muna
Trog
Uskayaw
Vehumet
Wu Jian
Xom
Yredelemnul
Zin
The Shining One

Annotations:
D:3 Pikel; isock's ghost, amateur GnWn
D:8 Erica


Innate Abilities, Weirdness & Mutations

You are resistant to torment.
Your stone body is resilient. (AC +8)
You are immune to poison.
You resist negative energy. (rN+)
You are resistant to electric shocks. (rElec)
You can survive without breathing.
You are immune to petrification.
You are immune to rotting.


Message History

Vehumet accepts your kill.
y - 134 stones
Casting: Sandblast
Confirm with . or Enter, or press ? or * to list all spells.
You don't have enough magic to cast that spell.
A red film seems to cover your vision as you go berserk!
You feel yourself moving faster!
You feel mighty!
You barely miss the wyvern. The wyvern barely misses you. The wyvern bites you!
* * * LOW HITPOINT WARNING * * *
You barely miss the wyvern. The wyvern bites you!
* * * LOW HITPOINT WARNING * * *
You slash the wyvern!
The wyvern is heavily wounded.
The wyvern bites you!
* * * LOW HITPOINT WARNING * * *
You closely miss the wyvern.
The wyvern is heavily wounded.
The wyvern bites you but does no damage.
The wyvern bites you!
You die...

.# .. .. .# #
#### .# .%# #..##
.# ....
#...####.#
h....#..)†.l@.#
..(.....).######
.....).)#........
......#....######
..... ###..# ....
#..# ... #..# ##
######..#
#.......#


You could see a wyvern.

Vanquished Creatures
  3 two-headed ogres (D:9)
  Eustachio (D:5)
  9 yaks (D:9)
  3 wargs (D:10)
  A soldier ant (D:7)
  Duvessa (D:5)
  A water moccasin (D:9)
  An orc warrior (D:10)
  2 ice beasts
  4 slaves (D:5)
  A black bear (D:9)
  A sky beast (D:5)
  3 ogres
  A big kobold (D:7)
  A crocodile (D:10)
  A gnoll sergeant (D:7)
  2 scorpions
  Dowan (D:5)
  3 killer bees (D:10)
  3 wights (D:9)
  2 howler monkeys
  2 crimson imps (D:7)
  3 hounds
  3 jellies
  A bullfrog zombie (D:10)
  A bullfrog skeleton (D:6)
  5 orc priests
  A centaur skeleton (D:10)
  4 orc wizards
  An iguana (D:4)
  7 worker ants
  2 hound skeletons
  A howler monkey zombie (D:5)
  A worker ant zombie (D:6)
  8 gnolls (D:7)
  10 adders
  4 oozes
  An adder skeleton (D:4)
  4 worms
  3 dart slugs
  4 leopard geckos
  31 orcs
  2 ball pythons
  4 bats
  5 giant cockroaches
  5 hobgoblins
  12 jackals
  10 kobolds
  3 quokkas
  3 frilled lizards (D:1)
  7 goblins
  2 jackal skeletons
  4 rats
199 creatures vanquished.

Notes
Turn   | Place    | Note
-------+----------+-------------------------------------------
     0 | D:1      | robertstho the Gargoyle Earth Elementalist began the quest for the Orb.
     0 | D:1      | Reached XP level 1. HP: 10/10 MP: 3/3
   159 | D:1      | Reached XP level 2. HP: 15/15 MP: 1/5
   163 | D:1      | Learned a level 2 spell: Passwall
   479 | D:1      | Reached XP level 3. HP: 19/19 MP: 3/6
   638 | D:1      | Learned a level 3 spell: Stone Arrow
  1931 | D:2      | Reached XP level 4. HP: 24/24 MP: 4/8
  2515 | D:3      | Reached skill level 5 in Earth Magic
  3149 | D:3      | Noticed isock's ghost (amateur GnWn)
  3161 | D:3      | Reached XP level 5. HP: 28/28 MP: 5/9
  3167 | D:3      | Learned a level 4 spell: Petrify
  3418 | D:4      | Noticed a two-headed ogre
  3782 | D:4      | Found a shattered altar of Ashenzari.
  3987 | D:4      | Reached XP level 6. HP: 30/33 MP: 0/12
  4387 | D:4      | Reached skill level 1 in Short Blades
  4564 | D:4      | Reached skill level 1 in Fighting
  4564 | D:4      | Reached XP level 7. HP: 21/38 MP: 3/13
  4712 | D:5      | Entered Level 5 of the Dungeon
  4757 | D:5      | Noticed Pikel
  5136 | D:5      | Noticed Dowan
  5148 | D:5      | Killed Dowan
  5215 | D:5      | Noticed Duvessa
  5231 | D:5      | Killed Duvessa
  5231 | D:5      | Reached skill level 5 in Spellcasting
  5597 | D:5      | Reached skill level 1 in Armour
  5668 | D:5      | Noticed Eustachio
  6150 | D:4      | Learned a level 1 spell: Flame Tongue
  6153 | D:4      | Learned a level 2 spell: Throw Flame
  6210 | D:5      | Reached skill level 1 in Conjurations
  6210 | D:5      | Reached XP level 8. HP: 43/43 MP: 0/16
  6413 | D:5      | Found an opulent altar of Gozag.
  6533 | D:5      | Killed Eustachio
  7021 | D:6      | Reached skill level 1 in Fire Magic
  7451 | D:7      | Learned a level 3 spell: Conjure Flame
  8076 | D:7      | Found a staircase to the Ecumenical Temple.
  8088 | Temple   | Entered the Ecumenical Temple
  8096 | Temple   | Became a worshipper of Vehumet
  8425 | D:7      | Reached skill level 1 in Transmutations
  8425 | D:7      | Reached XP level 9. HP: 25/47 MP: 7/19
  8846 | D:8      | Found a stormy altar of Qazlal.
  8879 | D:8      | Noticed Erica
  9083 | D:9      | Noticed a two-headed ogre
  9091 | D:9      | Killed a two-headed ogre
  9322 | D:9      | Noticed a two-headed ogre
  9330 | D:9      | Killed a two-headed ogre
  9330 | D:9      | Reached skill level 10 in Earth Magic
  9330 | D:9      | Reached XP level 10. HP: 50/53 MP: 7/22
  9490 | D:9      | Got a faintly glowing halberd
  9493 | D:9      | Identified the +5 halberd of Defiance {vamp, *Rage rC+ rN+++ SInv} (You found it on level 9 of the Dungeon)
  9596 | D:9      | Learned a level 5 spell: Lee's Rapid Deconstruction
  9600 | D:9      | Learned a level 3 spell: Regeneration
 10059 | D:9      | Noticed a two-headed ogre
 10065 | D:9      | Killed a two-headed ogre
 10065 | D:9      | Reached * piety under Vehumet
 10065 | D:9      | Offered knowledge of Sting by Vehumet.
 10065 | D:9      | Reached skill level 1 in Polearms
 10172 | D:9      | Learned a level 1 spell: Sting
 10269 | D:10     | Entered Level 10 of the Dungeon
 10534 | D:10     | Reached skill level 10 in Spellcasting
 10611 | D:10     | Reached XP level 11. HP: 21/57 MP: 5/25
 10624 | D:10     | HP: 3/85 [wyvern (10)]
 10625 | D:10     | Mangled by a wyvern

Vault maps used:
D:1:      eino_arrival_cavern_c
D:3:      lemuel_statue_altar
D:4:      lemuel_crystal_altar, first_ration
D:5:      grunt_gozag_statues, uniq_duvessa, uniq_pikel, uniq_eustachio
D:7:      minmay_temple_entry_hall
D:8:      nicolae_qazlal_general_emergency, uniq_erica, uniq_prince_ribbit1
D:10:     erik_lair_orcish_takeover, erik_orc_1
Temple:   dpeg_three_leaves_temple

Skill      XL: |  1  2  3  4  5  6  7  8  9 10 |
---------------+-------------------------------+-----
Earth Magic    | 4 5 6 7 8 10 | 10.9
Spellcasting   | 3 4 5 6 8 10 | 10.3
Dodging        | 2 3 |  3.2
Short Blades   | 1 2 |  2.3
Fighting       | 1 2 |  2.0
Armour         | 1 2 |  2.4
Conjurations   | 1 3 4 |  4.1
Fire Magic     | 1 3 |  3.5
Transmutations | 1 |  1.2
Polearms       | 1 |  1.0
Maces & Flails | |  0.2
Stealth        | |  2.1
Unarmed Combat | |  0.2
Poison Magic   | |  0.5

Action                   |  1- 3 |  4- 6 |  7- 9 | 10-12 || total
-------------------------+-------+-------+-------+-------++-------
Melee: Unarmed           |     6 |       |       |       ||     6
       Club              |    45 |       |       |       ||    45
       Short sword       |       |    97 |    92 |       ||   189
       Halberd           |       |       |       |    26 ||    26
 Cast: Sandblast         |    30 |    38 |    74 |    17 ||   159
       Stone Arrow       |     9 |    26 |    55 |       ||    90
       Petrify           |       |     1 |     5 |       ||     6
       Flame Tongue      |       |       |    71 |    63 ||   134
       Throw Flame       |       |       |    16 |    18 ||    34
       Passwall          |       |       |     4 |     1 ||     5
       Conjure Flame     |       |       |     3 |     8 ||    11
       Sting             |       |       |       |    18 ||    18
       Lee's Rapid Decon |       |       |       |    12 ||    12
  Use: Scroll            |     4 |     1 |     6 |     1 ||    12
       Potion            |       |     1 |     4 |       ||     5
 Stab: Sleeping          |       |       |     1 |       ||     1
  Eat: Chunk             |     1 |     7 |    15 |     4 ||    27
       Ration            |     1 |     2 |     1 |     2 ||     6
Armor: Robe              |    27 |    26 |       |       ||    53
       Leather armour    |       |    27 |    99 |    42 ||   168
       Skin              |       |       |     2 |       ||     2
Dodge: Dodged            |    69 |    89 |   135 |    46 ||   339

Table legend:
 A = Spawn XP
 B = Non-spawn XP
 C = Spawn XP percentage of total XP
 D = Spawn monster count
 E = Non-spawn monster count
 F = Spawn count percentage of total count
 G = Total turns spent on level
                    A         B        C        D         E        F      G
               +---------+---------+-------+---------+---------+-------+---------
         Total |       0 |    9339 |   0.0 |       0 |     195 |   0.0 | 10625
               +---------+---------+-------+---------+---------+-------+---------
           D:1 |       0 |      56 |   0.0 |       0 |      26 |   0.0 |  1519
           D:2 |       0 |      34 |   0.0 |       0 |      11 |   0.0 |   840
           D:3 |       0 |      90 |   0.0 |       0 |      22 |   0.0 |  1560
           D:4 |       0 |     482 |   0.0 |       0 |      24 |   0.0 |  1413
           D:5 |       0 |     952 |   0.0 |       0 |      22 |   0.0 |  1567
           D:6 |       0 |     152 |   0.0 |       0 |      10 |   0.0 |   243
           D:7 |       0 |     829 |   0.0 |       0 |      25 |   0.0 |  1668
           D:8 |       0 |       3 |   0.0 |       0 |       1 |   0.0 |    67
           D:9 |       0 |    5300 |   0.0 |       0 |      29 |   0.0 |  1375
          D:10 |       0 |    1441 |   0.0 |       0 |      25 |   0.0 |   356
               +---------+---------+-------+---------+---------+-------+---------
